Map: Pride of Altaris LE

Players

Rouis - Winner!

  • Race: Protoss Protoss
  • League: Platinum

Sargon

  • Race: Zerg Zerg
  • League: Silver

VOD

Have the link to the VOD?

Description

Time

  • Played on: March 4, 2022, 12:40 a.m.
  • Length: 20:35
Show
View Real Time Build Order
Export as new Build Order

Rouis Protoss - Winner!

Build Orders:  

Get SALT Encoding   

  12  0:02  Probe  
  13  0:14  Probe  
  14  0:20  Pylon  
  14  0:26  Probe  
  15  0:38  Probe  
  15  0:39  Gateway  
  16  0:44  Assimilator  
  16  0:50  Probe  
  17  0:57  Pylon  
  17  1:03  Probe  
  18  1:15  Probe  
  19  1:27  Probe  
  19  1:30  Cybernetics Core  
  20  1:39  Probe  
  21  1:53  Nexus  
  21  2:01  Warp Gate (Chrono Boost)  
  21  2:02  Pylon  
  21  2:11  Stalker  
  23  2:17  Assimilator  
  23  2:21  Probe  
  24  2:32  Gateway  
  24  2:42  Gateway  
  24  2:48  Pylon  
  24  2:53  Shield Battery  
  24  3:10  Probe x2  
  26  3:22  Probe  
  26  3:26  Probe  
  28  3:35  Robotics Facility, Probe  
  28  3:38  Probe  
  28  3:39  Stalker x2  
  34  3:47  Probe  
  35  3:50  Assimilator, Probe  
  36  3:57  Assimilator  
  36  3:59  Probe  
  36  4:02  Probe  
  38  4:08  Stalker  
  38  4:09  Stalker  
  42  4:11  Probe  
  43  4:26  Probe  
  44  4:34  Observer (Chrono Boost)  
  44  4:37  Probe  
  44  4:38  Probe  
  47  4:42  Pylon  
  47  4:49  Probe  
  47  4:50  Probe  
  49  4:53  Immortal (Chrono Boost)  
  53  5:02  Probe  
  53  5:06  Probe  
  55  5:09  Pylon  
  55  5:14  Probe  
  55  5:18  Probe  
  55  5:20  Sentry x2  
  61  5:26  Probe  
  62  5:30  Probe  
  63  5:38  Probe  
  63  5:42  Probe  
  65  5:50  Immortal (Chrono Boost), Probe  
  65  5:54  Probe  
  65  5:56  Nexus  
  71  5:57  Zealot x2  
  71  5:59  Pylon  
  71  6:00  Zealot  
  71  6:03  Probe  
  78  6:06  Pylon  
  78  6:17  Probe  
  79  6:18  Pylon  
  79  6:20  Pylon x2  
  79  6:21  Pylon  
  79  6:45  Probe x2  
  79  6:58  Probe  
  80  7:01  Probe  
  81  7:09  Stargate  
  81  7:10  Probe  
  81  7:11  Stargate  
  81  7:12  Probe  
  81  7:14  Stalker x3  
  89  7:20  Gateway  
  89  7:22  Gateway  
  89  7:26  Assimilator  
  89  7:29  Assimilator  
  89  7:30  Probe  
  90  7:37  Immortal (Chrono Boost)  
  94  7:50  Stalker x3  
  100  8:03  Void Ray x2 (Chrono Boost)  
  100  8:07  Immortal (Chrono Boost)  
  100  8:08  Forge  
  100  8:10  Forge  
  112  8:15  Twilight Council  
  112  8:21  Stalker x4  
  112  8:22  Stalker  
  122  8:30  Robotics Bay  
  122  8:46  Immortal  
  126  8:53  Nexus  
  126  8:54  Pylon  
  126  8:57  Probe  
  126  9:00  Phoenix x2 (Chrono Boost)  
  131  9:05  Protoss Shields Level 1 (Chrono Boost), Protoss Ground Weapons Level 1 (Chrono Boost)  
  131  9:06  Blink, Photon Cannon  
  131  9:19  Pylon  
  131  9:23  Photon Cannon  
  131  9:25  Photon Cannon  
  131  9:28  Pylon  
  131  9:34  Robotics Facility  
  131  9:40  Phoenix  
  131  9:41  Phoenix  
  135  9:52  Photon Cannon  
  135  9:53  Photon Cannon  
  135  9:54  Gateway  
  135  9:56  Pylon  
  135  10:01  Colossus (Chrono Boost)  
  141  10:20  Colossus (Chrono Boost)  
  147  10:28  Extended Thermal Lance  
  147  10:31  Probe  
  148  10:45  Colossus (Chrono Boost)  
  154  10:52  Phoenix  
  154  10:56  Pylon  
  156  10:59  Assimilator, Colossus (Chrono Boost)  
  156  11:01  Assimilator  
  162  11:11  Phoenix  
  163  11:17  Phoenix  
  165  11:25  Pylon  
  165  11:31  Colossus (Chrono Boost)  
  171  11:35  Dark Shrine  
  93  12:12  Colossus (Chrono Boost)  
  89  12:19  Stalker x6  
  101  12:30  Colossus (Chrono Boost)  
  107  12:39  Protoss Ground Weapons Level 2 (Chrono Boost)  
  107  12:41  Protoss Ground Armor Level 1 (Chrono Boost)  
  107  12:45  Templar Archives  
  107  12:51  Dark Templar x6  
  119  12:59  Colossus  
  125  13:18  Probe  
  126  13:28  High Templar x6  
  126  13:32  Archon x2  
  126  13:33  Archon  
  138  13:36  Archon x3  
  138  13:48  Nexus  
  138  13:52  Pylon  
  138  13:54  Pylon  
  137  13:57  Pylon  
  137  14:00  Gateway  
  137  14:02  Gateway  
  137  14:11  High Templar x6  
  137  14:15  Archon x2  
  137  14:16  Archon  
  149  14:25  Photon Cannon  
  149  14:26  Charge (Chrono Boost), Photon Cannon  
  149  14:29  Assimilator  
  149  14:33  Assimilator  
  149  14:46  Gateway  
  149  14:49  Gateway  
  149  14:53  Gateway  
  149  14:55  High Templar x5  
  149  14:56  High Templar  
  149  14:57  Gateway  
  149  14:58  High Templar  
  163  15:00  Archon  
  163  15:01  Archon x2  
  163  15:03  High Templar  
  165  15:07  Archon  
  128  15:55  High Templar x2  
  128  15:56  High Templar x5  
  136  16:01  Observer  
  121  16:12  Archon x3  
  121  16:16  Zealot x3  
  121  16:17  Zealot x2  
  131  16:23  Probe  
  132  16:34  Observer x2  
  132  16:35  Probe  
  135  16:40  Stalker x2  
  135  16:41  Stalker x7  
  135  16:42  Stalker x3  
  159  16:51  Probe  
  159  16:53  Pylon  
  160  17:03  Probe  
  103  17:34  Stalker x6  
  103  17:35  Stalker x3  
  103  17:36  Stalker  
  119  17:56  Probe  
  120  18:03  Dark Templar x4  
  127  18:11  High Templar x4  
  127  18:12  High Templar x3  
  141  18:15  Archon x2  
  141  18:16  Archon  
  131  19:17  High Templar  
  131  19:18  High Templar x7  
  147  19:26  Archon x2  
  147  19:27  Archon x2  
  147  19:30  Probe  
  147  19:31  Probe  
  149  19:46  Gateway  
  149  19:47  Nexus  
  149  19:48  Gateway  
  149  19:49  Pylon, Gateway  
  149  19:50  Pylon  
  149  19:52  Pylon, Gateway  
  149  19:55  Assimilator, Gateway  
  149  19:56  Gateway  
  149  19:57  Assimilator  
  149  19:59  Gateway, Zealot x5  
  159  20:00  Zealot x5  
  159  20:01  Zealot x2  
  129  20:33  Nexus  
Show
View Real Time Build Order
Export as new Build Order

Sargon Zerg 

Build Orders: Hatch First, Lurkers 

Get SALT Encoding   

  12  0:07  Overlord  
  12  0:13  Drone  
  13  0:19  Drone  
  14  0:26  Drone  
  15  0:32  Extractor  
  14  0:42  Drone  
  15  0:43  Drone  
  16  0:53  Drone  
  17  1:02  Drone  
  18  1:14  Hatchery  
  18  1:16  Drone  
  18  1:27  Spawning Pool, Drone  
  18  1:35  Drone  
  19  1:48  Drone  
  20  1:56  Drone  
  21  2:09  Extractor  
  21  2:11  Evolution Chamber  
  21  2:15  Zergling x2  
  20  2:20  Zergling x2  
  21  2:29  Drone x2, Baneling Nest  
  22  2:37  Drone  
  22  2:43  Drone  
  24  2:47  Queen  
  24  2:50  Zerg Missile Weapons Level 1  
  26  2:55  Drone x2  
  28  3:02  Overlord  
  28  3:03  Overlord  
  28  3:17  Overlord x2  
  28  3:25  Zergling x4  
  30  3:30  Metabolic Boost  
  30  3:33  Zergling x4  
  32  3:44  Spore Crawler  
  32  3:47  Spore Crawler  
  31  3:48  Zergling x4  
  32  3:56  Zergling x4  
  34  4:06  Lair  
  34  4:08  Zergling x2  
  35  4:12  Zergling x2  
  35  4:15  Drone  
  36  4:24  Zergling x2  
  36  4:25  Zergling x4  
  36  4:29  Drone  
  40  4:32  Drone  
  40  4:36  Drone  
  40  4:38  Drone  
  43  4:45  Zerg Ground Armor Level 1  
  43  4:48  Drone  
  43  4:50  Drone  
  45  4:58  Drone x2  
  47  5:17  Drone x2  
  49  5:26  Hatchery, Zergling x4  
  50  5:29  Centrifugal Hooks  
  50  5:32  Overlord  
  50  5:34  Drone  
  51  5:43  Overlord  
  51  5:44  Overlord  
  51  5:47  Extractor  
  50  5:53  Zergling x4  
  52  6:13  Baneling x5  
  52  6:14  Baneling x20  
  52  6:16  Drone  
  53  6:20  Overlord  
  53  6:25  Drone x2  
  55  6:27  Drone  
  55  6:30  Drone  
  57  6:39  Zerg Melee Weapons Level 1  
  57  6:42  Drone x5  
  62  6:56  Drone x6  
  62  6:58  Overlord  
  68  7:08  Drone x3  
  71  7:15  Extractor  
  71  7:19  Drone x3  
  73  7:24  Extractor  
  73  7:27  Zergling x2  
  73  7:28  Zergling x2  
  74  7:30  Extractor  
  73  7:41  Zergling x6  
  73  7:42  Zergling x2  
  77  7:54  Overlord x4  
  77  8:06  Drone x3  
  80  8:13  Zergling x2  
  80  8:14  Zergling x2  
  80  8:18  Zergling x4  
  84  8:23  Overlord  
  84  8:26  Zergling x2  
  85  8:32  Spire  
  85  8:33  Zerg Ground Armor Level 2  
  84  8:35  Drone  
  84  8:36  Drone  
  84  8:37  Infestation Pit  
  85  8:45  Zergling x6  
  88  8:49  Overseer  
  88  8:51  Zergling x4  
  90  8:57  Zergling x2  
  90  8:58  Zergling x2  
  90  8:59  Queen x2  
  96  9:06  Baneling x6  
  96  9:07  Baneling x17  
  96  9:09  Zergling x6  
  99  9:11  Queen  
  99  9:14  Zergling x2  
  102  9:20  Zergling x4  
  104  9:27  Zergling x4  
  106  9:32  Zergling x2  
  106  9:34  Queen x2  
  111  9:42  Spore Crawler  
  111  9:45  Zergling x6  
  112  9:46  Zergling x4  
  112  9:47  Queen  
  112  9:48  Zerg Flyer Weapons Level 1  
  117  9:56  Zergling x6  
  117  9:59  Zergling x4  
  122  10:01  Zergling x6  
  122  10:05  Zergling x2  
  126  10:16  Zergling x8  
  126  10:17  Zergling x4  
  132  10:23  Queen  
  134  10:48  Zerg Melee Weapons Level 2  
  134  10:56  Infestor x2  
  138  10:58  Overlord x6  
  138  10:59  Overlord x2  
  138  11:03  Overlord x2  
  138  11:04  Overlord  
  138  11:09  Overlord x2  
  137  11:24  Mutalisk x3  
  137  11:25  Mutalisk  
  145  11:34  Drone x4  
  145  11:35  Drone  
  145  11:37  Hydralisk Den  
  149  11:42  Zerg Flyer Armor Level 1  
  149  11:52  Hatchery  
  89  12:19  Hydralisk x7  
  89  12:20  Hydralisk x2  
  107  12:23  Hydralisk x2  
  107  12:29  Zergling x6  
  114  12:36  Hive  
  114  12:37  Hydralisk  
  114  12:43  Zergling x2  
  114  12:44  Zergling x6  
  120  12:56  Hydralisk x4  
  120  12:57  Hydralisk x2  
  132  13:07  Lurker Den  
  132  13:08  Hydralisk x3  
  137  13:37  Corruptor x3  
  137  13:39  Zergling x4  
  137  13:40  Zergling x8  
  149  13:46  Hatchery  
  149  13:47  Hatchery  
  140  14:14  Hydralisk x2  
  140  14:15  Hydralisk x7  
  158  14:18  Adaptive Talons  
  158  14:20  Zerg Flyer Weapons Level 2  
  158  14:22  Zerg Missile Weapons Level 2  
  158  14:29  Lurker  
  159  14:32  Lurker x9  
  168  14:49  Hydralisk x6  
  168  14:51  Zergling x2  
  181  15:15  Seismic Spines  
  181  15:20  Hydralisk x6  
  181  15:21  Hydralisk x3  
  104  15:54  Hydralisk x7  
  104  15:55  Hydralisk x3  
  109  15:57  Zergling x10  
  114  16:10  Zergling x8  
  118  16:24  Hatchery  
  117  16:29  Zergling x10  
  117  16:30  Zergling x6  
  125  16:35  Zerg Flyer Armor Level 2  
  125  16:38  Zerg Ground Armor Level 3  
  125  16:40  Queen  
  125  16:41  Hydralisk  
  125  16:42  Hydralisk x2  
  125  16:45  Lurker x4  
  137  16:48  Zergling x2  
  137  16:51  Drone  
  81  17:35  Hydralisk  
  81  17:36  Hydralisk x8  
  81  17:37  Hydralisk x2  
  87  17:39  Zergling x12  
  99  17:48  Overseer  
  97  17:53  Hydralisk x2  
  97  17:55  Zergling x2  
  102  18:03  Zergling x12  
  108  18:20  Drone x4  
  103  18:45  Hatchery  
  90  19:08  Hydralisk  
  90  19:09  Hydralisk x7  
  95  19:14  Lurker x3  
  95  19:15  Lurker  
  104  19:31  Zergling x6  
  105  19:32  Zergling x12  
  105  19:33  Zergling x8  
  117  19:54  Lurker  
  118  20:08  Hatchery  
Tags
 
Add a new tag
Caveats
  • Supply blocks, unpowered buildings, or Contaminate may cause inaccurate times.
  • Supply counts are checked every 10 seconds.